PHILADELPHIA Flyers vs MONTREAL Canadiens

Created - 14 avril 2024 at 19:49

Goals
1 2 3 OT1 SO T
PHILADELPHIA Flyers 1 1 0 0 2 3
MONTREAL Canadiens 2 0 0 0 0 2
Shots
1 2 3 OT1 SO T
PHILADELPHIA Flyers 5 10 10 0 3 25
MONTREAL Canadiens 16 13 13 3 2 45

1st period

1. MONTREAL Canadiens , Pierre-Luc Dubois 27 (Mike Matheson 43, Noah Dobson 58) at 0:28
2. PHILADELPHIA Flyers , Trevor Zegras 20 (Leon Draisaitl 63, Claude Giroux 68) at 14:28
3. MONTREAL Canadiens , Nicolas Roy 26 (Alexis Lafrenière 19, Michael Amadio 13) at 15:02

Penalties :
Brenden Dillon (PHI) for Holding (Minor) at 3:02, Sean Monahan (PHI) for High sticking (Minor) at 8:22

2nd period

4. PHILADELPHIA Flyers , Sam Gagner 10 (Sean Couturier 28) at 17:09 (PP)

Penalties :
Noah Juulsen (PHI) for Roughing (Minor) at 11:59, Marc-Edouard Vlasic (MTL) for Boarding (Minor) at 15:29

3rd period

No Goal

Penalties :
Mike Matheson (MTL) for Boarding (Major) at 0:56, Leon Draisaitl (PHI) for High sticking (Minor) at 8:24, Alexander Edler (PHI) for Hooking (Minor) at 11:52, Trevor Zegras (PHI) for Roughing (Minor) at 15:08

Overtime #1

No Goal

Penalties :
No Penalty

Shootout

PHILADELPHIA Flyers, Leon Draisaitl - Goal!
MONTREAL Canadiens, Phillip Danault - Shot Misses the Net
PHILADELPHIA Flyers, Claude Giroux - Stopped by Jordan Binnington
MONTREAL Canadiens, Cole Caufield - Stopped by Anton Forsberg
PHILADELPHIA Flyers, Jonathan Drouin - Goal!

Penalties :
No Penalty

Goalie Stats

Anton Forsberg (PHI), 43 saves from 45 shots - (0,956), W, 37-31-9, 65:00 minutes
Jordan Binnington (MTL), 23 saves from 25 shots - (0,920), OTL, 47-26-4, 65:00 minutes

Players Stats for PHILADELPHIA Flyers

Player Name              G  A  P  +/- PIM S  H  SB GA TA FO     MP     PP MP  PK MP  
------------------------------------------------------------------------------------
Alexander Edler          0  0  0  -1  2   0  1  1  0  0  0/0    19:32   3:29   0:00 
Brenden Dillon           0  0  0   0  2   1  3  1  0  0  0/0    23:27   3:10   5:53 
Chris Tierney            0  0  0   0  0   0  1  0  0  0  7/13   11:19   0:00   0:00 
Claude Giroux            0  1  1   0  0   6  2  0  0  0  0/1    24:49   3:32   7:54 
Filip Chytil             0  0  0   0  0   1  1  0  0  0  2/3    13:52   3:32   0:00 
Jakub Voracek            0  0  0   0  0   0  0  0  0  0  0/1     8:46   0:00   0:00 
Joel Edmundson           0  0  0   0  0   0  3  3  0  0  0/0    18:07   0:00   5:03 
Jonathan Drouin          0  0  0  -1  0   1  2  0  0  0  5/13   13:16   0:00   1:51 
Josh Leivo               0  0  0   0  0   0  2  0  0  0  0/0    11:59   0:00   0:40 
Justin Schultz           0  0  0  -1  0   2  0  2  0  0  0/0    21:42   3:10   1:14 
Leon Draisaitl           0  1  1   0  2   4  3  2  0  0  7/17   23:47   3:32   6:32 
Mike Hoffman             0  0  0  -1  0   1  0  0  0  0  1/2    12:26   3:07   0:00 
Noah Juulsen             0  0  0   0  2   1  0  0  0  0  0/0    16:05   0:00   5:08 
Sam Gagner               1  0  1  -1  0   1  0  0  0  0  0/1     9:34   0:15   0:00 
Sean Couturier           0  1  1   0  0   1  2  0  0  0  7/16   16:26   3:07   3:20 
Sean Monahan             0  0  0   0  2   1  1  0  0  0  1/1    13:02   0:00   0:58 
Shea Weber               0  0  0   0  0   1  1  1  0  0  0/0    26:04   3:29   6:30 
Trevor Zegras            1  0  1   0  2   4  0  0  0  0  9/22   18:47   2:52   2:33 

Players Stats for MONTREAL Canadiens

Player Name              G  A  P  +/- PIM S  H  SB GA TA FO     MP     PP MP  PK MP  
------------------------------------------------------------------------------------
Alexis Lafrenière        0  1  1   1  0   3  1  0  0  0  0/0     8:23   0:00   1:15 
Anthony Beauvillier      0  0  0   0  0   3  4  0  0  0  1/1    25:21   5:53   2:33 
Anthony Mantha           0  0  0   0  0   1  0  0  0  0  1/2    13:55   0:00   0:14 
Arthur Kaliyev           0  0  0   0  0   4  0  0  0  0  0/1     8:15   0:00   0:00 
Cole Caufield            0  0  0   0  0   1  1  0  0  0  0/2    20:34   5:53   0:00 
David Savard             0  0  0  -1  0   1  5  2  0  0  0/0    24:36   6:05   3:54 
Jeremy Lauzon            0  0  0   1  0   0  3  1  0  0  0/0    14:55   0:00   2:45 
Joe Veleno               0  0  0   0  0   3  0  0  0  0  2/9    11:40   0:00   1:32 
Marc-Edouard Vlasic      0  0  0  -1  2   3  0  5  0  0  0/0    25:13   6:05   2:46 
Marco Scandella          0  0  0   1  0   0  2  1  0  0  0/0    15:31   0:00   3:21 
Michael Amadio           0  1  1   1  0   1  0  0  0  0  1/1     7:36   0:00   0:00 
Mike Matheson            0  1  1   1  5   3  4  1  0  0  0/0    23:32   5:49   0:18 
Nicolas Roy              1  0  1   1  0   6  2  0  0  0  11/15  17:01   6:01   3:52 
Noah Dobson              0  1  1   1  0   1  1  0  0  0  0/0    21:11   5:49   0:14 
Phillip Danault          0  0  0   0  0   7  2  0  0  0  21/35  23:55   6:01   3:52 
Pierre-Luc Dubois        1  0  1   0  0   4  0  0  0  0  14/24  20:34   5:53   0:00 
William Carrier          0  0  0   0  0   0  1  0  0  0  0/0     8:15   0:00   0:00 
Zach Parise              0  0  0   0  0   4  2  0  0  0  0/0    17:52   6:01   0:00 

3 Stars

1 - Anton Forsberg (PHI)
2 - Nicolas Roy (MTL)
3 - Pierre-Luc Dubois (MTL)

Power Play

PHILADELPHIA Flyers - 1 on 2 Attempt(s) - 50,00%
MONTREAL Canadiens - 0 on 6 Attempt(s) - 0,00%

Penalty Kill

PHILADELPHIA Flyers - 6 on 6 Attempt(s) - 100,00% - Score 0 goal in Penalty Kill
MONTREAL Canadiens - 1 on 2 Attempt(s) - 50,00% - Score 0 goal in Penalty Kill

Team Stat

PHILADELPHIA Flyers - Hits : 22 - Faceoff Wins : 39 - Blocked Shots : 10 - Penalty Minutes : 12
MONTREAL Canadiens - Hits : 28 - Faceoff Wins : 51 - Blocked Shots : 10 - Penalty Minutes : 7

Official

Referees : Corey Syvret and Daria Ermak
Linesman : Kaylah Krieger and Kory Nagy

Game Notes

No Game Note

Finance

Level 1 -- Attendance: 6300 (100,00%) -- Ticket Income $504,000
Level 2 -- Attendance: 5538 (89,32%) -- Ticket Income $276,900
Level 3 -- Attendance: 2676 (73,86%) -- Ticket Income $80,280
Level 4 -- Attendance: 4000 (100,00%) -- Ticket Income $80,000
Luxury Box -- Attendance: 1034 (89,91%) -- Ticket Income $134,420
Game was played at the Centre Bell.
Total Attendance: 19548 (91,89%)
Total Ticket Income: $1,075,600
Other Income: $268,900
Total Income: $1,344,500

PHILADELPHIA Flyers

5 vs 5 Forward 
   Center                   Left Wing                Right Wing               Time % Phy DF OF 
 1 Trevor Zegras            Leon Draisaitl           Claude Giroux            50     1   2  2  
 2 Sean Couturier           Filip Chytil             Sean Monahan             25     1   2  2  
 3 Jonathan Drouin          Mike Hoffman             Sam Gagner               15     1   2  2  
 4 Chris Tierney            Jakub Voracek            Josh Leivo               10     1   2  2  

5 vs 5 Defense 
   Defense                  Defense                                           Time % Phy DF OF 
 1 Brenden Dillon           Shea Weber                                        40     1   2  2  
 2 Alexander Edler          Justin Schultz                                    30     1   2  2  
 3 Joel Edmundson           Noah Juulsen                                      20     1   2  2  
 4 Alexander Edler          Shea Weber                                        10     1   2  2  

PowerPlay Forward 
   Center                   Left Wing                Right Wing               Time % Phy DF OF 
 1 Filip Chytil             Leon Draisaitl           Claude Giroux            60     1   2  2  
 2 Trevor Zegras            Mike Hoffman             Sean Couturier           40     1   2  2  

PowerPlay Defense
   Defense                  Defense                                           Time % Phy DF OF 
 1 Alexander Edler          Shea Weber                                        60     1   2  2  
 2 Brenden Dillon           Justin Schultz                                    40     1   2  2  

Penalty Kill 4 Players Forward 
   Center                   Wing                     Time % Phy DF OF 
 1 Leon Draisaitl           Claude Giroux            60     1   2  2  
 2 Sean Couturier           Trevor Zegras            40     1   2  2  

Penalty Kill 4 Players Defense
   Defense                  Defense                  Time % Phy DF OF 
 1 Noah Juulsen             Brenden Dillon           60     1   2  2  
 2 Shea Weber               Joel Edmundson           40     1   2  2  

Penalty Kill - 3 Players Forward 
   Forward                                           Time % Phy DF OF 
 1 Leon Draisaitl                                    60     1   2  2  
 2 Claude Giroux                                     40     1   2  2  

Penalty Kill - 3 Players Defense
   Defense                  Defense                  Time % Phy DF OF 
 1 Shea Weber               Brenden Dillon           60     1   2  2  
 2 Justin Schultz           Joel Edmundson           40     1   2  2  

4 vs 4 Forward 
   Center                   Wing                     Time % Phy DF OF 
 1 Leon Draisaitl           Claude Giroux            60     1   2  2  
 2 Sean Monahan             Trevor Zegras            40     1   2  2  

4 vs 4 Defense
   Defense                  Defense                  Time % Phy DF OF 
 1 Justin Schultz           Brenden Dillon           60     1   2  2  
 2 Shea Weber               Joel Edmundson           40     1   2  2  

Last Minutes Offensive
   Center                   Left Wing                Right Wing               Defense                  Defense                  
   Claude Giroux            Leon Draisaitl           Trevor Zegras            Shea Weber               Brenden Dillon           

Last Minutes Defensive
   Center                   Left Wing                Right Wing               Defense                  Defense                  
   Sean Monahan             Jonathan Drouin          Claude Giroux            Alexander Edler          Justin Schultz           

Goaltenders
Starting : Anton Forsberg           
Backup : Yaroslav Askarov         

Extra Forwards
Normal : Sam Gagner, Claude Giroux, Jonathan Drouin - PP : Sam Gagner, Claude Giroux - PK : Jonathan Drouin
Extra Defensemen
Normal : Justin Schultz, Alexander Edler, Shea Weber - PP : Alexander Edler - PK : Shea Weber, Noah Juulsen
Penalty Shots
Leon Draisaitl, Claude Giroux, Jonathan Drouin, Trevor Zegras, Mike Hoffman

Scratches
None

MONTREAL Canadiens

5 vs 5 Forward 
   Center                   Left Wing                Right Wing               Time % Phy DF OF 
 1 Pierre-Luc Dubois        Cole Caufield            Anthony Beauvillier      40     1   2  2  
 2 Phillip Danault          Zach Parise              Anthony Mantha           30     1   2  2  
 3 Nicolas Roy              Alexis Lafrenière        Michael Amadio           20     1   2  2  
 4 Joe Veleno               William Carrier          Arthur Kaliyev           10     1   2  2  

5 vs 5 Defense 
   Defense                  Defense                                           Time % Phy DF OF 
 1 Noah Dobson              Mike Matheson                                     40     1   2  2  
 2 David Savard             Marc-Edouard Vlasic                               40     1   2  2  
 3 Marco Scandella          Jeremy Lauzon                                     10     1   2  2  
 4 Noah Dobson              Mike Matheson                                     10     1   2  2  

PowerPlay Forward 
   Center                   Left Wing                Right Wing               Time % Phy DF OF 
 1 Pierre-Luc Dubois        Cole Caufield            Anthony Beauvillier      70     1   2  2  
 2 Phillip Danault          Zach Parise              Nicolas Roy              30     1   2  2  

PowerPlay Defense
   Defense                  Defense                                           Time % Phy DF OF 
 1 Noah Dobson              Mike Matheson                                     70     1   2  2  
 2 David Savard             Marc-Edouard Vlasic                               30     1   2  2  

Penalty Kill 4 Players Forward 
   Center                   Wing                     Time % Phy DF OF 
 1 Phillip Danault          Nicolas Roy              60     1   2  2  
 2 Joe Veleno               Anthony Beauvillier      40     1   2  2  

Penalty Kill 4 Players Defense
   Defense                  Defense                  Time % Phy DF OF 
 1 David Savard             Marc-Edouard Vlasic      60     1   2  2  
 2 Marco Scandella          Jeremy Lauzon            40     1   2  2  

Penalty Kill - 3 Players Forward 
   Forward                                           Time % Phy DF OF 
 1 Phillip Danault                                   60     1   2  2  
 2 Nicolas Roy                                       40     1   2  2  

Penalty Kill - 3 Players Defense
   Defense                  Defense                  Time % Phy DF OF 
 1 David Savard             Marc-Edouard Vlasic      60     1   2  2  
 2 Marco Scandella          Jeremy Lauzon            40     1   2  2  

4 vs 4 Forward 
   Center                   Wing                     Time % Phy DF OF 
 1 Pierre-Luc Dubois        Cole Caufield            60     1   2  2  
 2 Phillip Danault          Nicolas Roy              40     1   2  2  

4 vs 4 Defense
   Defense                  Defense                  Time % Phy DF OF 
 1 Noah Dobson              Mike Matheson            60     1   2  2  
 2 David Savard             Marc-Edouard Vlasic      40     1   2  2  

Last Minutes Offensive
   Center                   Left Wing                Right Wing               Defense                  Defense                  
   Pierre-Luc Dubois        Cole Caufield            Nicolas Roy              Noah Dobson              Mike Matheson            

Last Minutes Defensive
   Center                   Left Wing                Right Wing               Defense                  Defense                  
   Phillip Danault          Anthony Beauvillier      Nicolas Roy              David Savard             Marc-Edouard Vlasic      

Goaltenders
Starting : Jordan Binnington        
Backup : Petr Mrazek              

Extra Forwards
Normal : Alexis Lafrenière, Anthony Mantha, Zach Parise - PP : Cole Caufield, Michael Amadio - PK : Alexis Lafrenière
Extra Defensemen
Normal : Marco Scandella, Marc-Edouard Vlasic, David Savard - PP : Marco Scandella - PK : Marc-Edouard Vlasic, David Savard
Penalty Shots
Phillip Danault, Cole Caufield, Pierre-Luc Dubois, Anthony Beauvillier, Nicolas Roy

Scratches
Max Comtois (Healthy), Simon Benoit (Healthy), Luke Evangelista (Healthy)

% Time on Ice - PHILADELPHIA Flyers

Lines # - Real PCT - Wanted PCT - Time Play
Normal Forward
1 - 32% - 50% - 13:23
2 - 24% - 25% - 9:59
3 - 22% - 15% - 9:19
4 - 21% - 10% - 8:46
Normal Defense
1 - 35% - 40% - 14:25
2 - 36% - 30% - 14:45
3 - 26% - 20% - 10:58
4 - 3% - 10% - 1:19
PP Forward
1 - 53% - 60% - 3:32
2 - 47% - 40% - 3:07
PP Defense
1 - 52% - 60% - 3:29
2 - 48% - 40% - 3:10
PK Forward
1 - 72% - 60% - 8:34
2 - 28% - 40% - 3:20
PK Defense
1 - 60% - 60% - 7:07
2 - 40% - 40% - 4:47
PK3 Forward
1 - 0% - 60%
2 - 0% - 40%
PK3 Defense
1 - 0% - 60%
2 - 0% - 40%
44 Forward
1 - 0% - 60%
2 - 0% - 40%
44 Defense
1 - 0% - 60%
2 - 0% - 40%
Last Minute Offensive  - 0:00
Last Minute Defensive  - 0:00
Total
Forward - 60:00
Defense - 60:00

% Time on Ice - MONTREAL Canadiens

Lines # - Real PCT - Wanted PCT - Time Play
Normal Forward
1 - 35% - 40% - 14:41
2 - 27% - 30% - 11:23
3 - 17% - 20% - 7:08
4 - 20% - 10% - 8:15
Normal Defense
1 - 35% - 40% - 14:32
2 - 34% - 40% - 14:09
3 - 29% - 10% - 12:10
4 - 1% - 10% - 0:36
PP Forward
1 - 49% - 70% - 5:53
2 - 51% - 30% - 6:01
PP Defense
1 - 49% - 70% - 5:49
2 - 51% - 30% - 6:05
PK Forward
1 - 77% - 60% - 5:07
2 - 23% - 40% - 1:32
PK Defense
1 - 67% - 60% - 4:26
2 - 33% - 40% - 2:13
PK3 Forward
1 - 0% - 60%
2 - 0% - 40%
PK3 Defense
1 - 0% - 60%
2 - 0% - 40%
44 Forward
1 - 0% - 60%
2 - 0% - 40%
44 Defense
1 - 0% - 60%
2 - 0% - 40%
Last Minute Offensive  - 0:00
Last Minute Defensive  - 0:00
Total
Forward - 60:00
Defense - 60:00

Play-by-Play

1st period


0:01 of 1st period - Anthony Beauvillier wins face-off versus Trevor Zegras in neutral zone.
0:26 of 1st period - Shot by Pierre-Luc Dubois.
0:26 of 1st period - Shot Misses the Net.
0:28 of 1st period - Shot by Pierre-Luc Dubois.
0:28 of 1st period - Goal by Pierre-Luc Dubois - PHILADELPHIA Flyers : 0 - MONTREAL Canadiens : 1.
0:29 of 1st period - Phillip Danault wins face-off versus Sean Couturier in neutral zone.
0:38 of 1st period - Shot by Phillip Danault.
0:38 of 1st period - Stopped by Anton Forsberg without a rebound.
0:39 of 1st period - Nicolas Roy wins face-off versus Jonathan Drouin in PHILADELPHIA Flyers zone.
0:42 of 1st period - Shot by Nicolas Roy.
0:42 of 1st period - Stopped by Anton Forsberg without a rebound.
0:43 of 1st period - Nicolas Roy wins face-off versus Jakub Voracek in PHILADELPHIA Flyers zone.
0:56 of 1st period - Shot by Nicolas Roy.
0:56 of 1st period - Shot Misses the Net.
0:58 of 1st period - Shot by Alexis Lafrenière.
0:58 of 1st period - Stopped by Anton Forsberg without a rebound.
0:59 of 1st period - Phillip Danault wins face-off versus Jonathan Drouin in PHILADELPHIA Flyers zone.
1:15 of 1st period - David Savard is hit by Jonathan Drouin and loses puck.
3:02 of 1st period - Minor Penalty to Brenden Dillon for Holding.
3:03 of 1st period - Phillip Danault wins face-off versus Leon Draisaitl in PHILADELPHIA Flyers zone.
3:09 of 1st period - Shot by Zach Parise.
3:09 of 1st period - Shot Blocked by Joel Edmundson.
3:11 of 1st period - Shot by Marc-Edouard Vlasic.
3:11 of 1st period - Shot Misses the Net.
3:13 of 1st period - Shot by Zach Parise.
3:13 of 1st period - Stopped by Anton Forsberg with a rebound.
3:15 of 1st period - Shot by Phillip Danault.
3:15 of 1st period - Stopped by Anton Forsberg without a rebound.
3:16 of 1st period - Leon Draisaitl wins face-off versus Phillip Danault in PHILADELPHIA Flyers zone.
3:16 of 1st period - Claude Giroux is hit by Zach Parise.
3:20 of 1st period - Shot by Phillip Danault.
3:20 of 1st period - Shot Blocked by Leon Draisaitl.
3:22 of 1st period - Shot by Mike Matheson.
3:22 of 1st period - Shot Misses the Net.
3:32 of 1st period - Shot by Zach Parise.
3:32 of 1st period - Stopped by Anton Forsberg without a rebound.
3:33 of 1st period - Sean Couturier wins face-off versus Pierre-Luc Dubois in PHILADELPHIA Flyers zone.
3:39 of 1st period - Icing by Anthony Beauvillier.
3:40 of 1st period - Pierre-Luc Dubois wins face-off versus Trevor Zegras in MONTREAL Canadiens zone.
3:52 of 1st period - Anthony Beauvillier is hit by Joel Edmundson and loses puck.
4:15 of 1st period - Shot by Marc-Edouard Vlasic.
4:15 of 1st period - Shot Blocked by Justin Schultz.
4:17 of 1st period - Shot by David Savard.
4:17 of 1st period - Stopped by Anton Forsberg with a rebound.
4:19 of 1st period - Shot by Pierre-Luc Dubois.
4:19 of 1st period - Shot Blocked by Leon Draisaitl.
4:21 of 1st period - Shot by Cole Caufield.
4:21 of 1st period - Shot Misses the Net.
4:23 of 1st period - Shot by Marc-Edouard Vlasic.
4:23 of 1st period - Stopped by Anton Forsberg with a rebound.
5:23 of 1st period - Shot by Arthur Kaliyev.
5:23 of 1st period - Stopped by Anton Forsberg without a rebound.
5:24 of 1st period - Nicolas Roy wins face-off versus Chris Tierney in PHILADELPHIA Flyers zone.
5:24 of 1st period - Marc-Edouard Vlasic is hit by Brenden Dillon and loses puck.
5:28 of 1st period - Icing by Shea Weber.
5:29 of 1st period - Chris Tierney wins face-off versus Pierre-Luc Dubois in PHILADELPHIA Flyers zone.
6:34 of 1st period - Leon Draisaitl is hit by David Savard and loses puck.
6:41 of 1st period - Shot by Claude Giroux.
6:41 of 1st period - Shot Blocked by Marc-Edouard Vlasic.
6:43 of 1st period - Shot by Leon Draisaitl.
6:43 of 1st period - Stopped by Jordan Binnington with a rebound.
6:50 of 1st period - Claude Giroux is hit by David Savard.
7:14 of 1st period - Off-side.
7:15 of 1st period - Nicolas Roy wins face-off versus Sam Gagner in neutral zone.
7:20 of 1st period - Shot by Nicolas Roy.
7:20 of 1st period - Shot Blocked by Alexander Edler.
8:21 of 1st period - Pierre-Luc Dubois is hit by Sean Couturier and loses puck.
8:22 of 1st period - Minor Penalty to Sean Monahan for High sticking.
8:23 of 1st period - Leon Draisaitl wins face-off versus Pierre-Luc Dubois in PHILADELPHIA Flyers zone.
8:40 of 1st period - Shot by Cole Caufield.
8:40 of 1st period - Shot Misses the Net.
8:42 of 1st period - Shot by Marc-Edouard Vlasic.
8:42 of 1st period - Shot Misses the Net.
8:44 of 1st period - Shot by Marc-Edouard Vlasic.
8:44 of 1st period - Stopped by Anton Forsberg without a rebound.
8:45 of 1st period - Leon Draisaitl wins face-off versus Nicolas Roy in PHILADELPHIA Flyers zone.
8:45 of 1st period - Leon Draisaitl is hit by Nicolas Roy.
8:54 of 1st period - Icing by Noah Dobson.
8:55 of 1st period - Leon Draisaitl wins face-off versus Phillip Danault in MONTREAL Canadiens zone.
9:16 of 1st period - Shot by Claude Giroux.
9:16 of 1st period - Stopped by Jordan Binnington without a rebound.
9:17 of 1st period - Sean Couturier wins face-off versus Cole Caufield in MONTREAL Canadiens zone.
10:23 of 1st period - Icing by Noah Dobson.
10:24 of 1st period - Chris Tierney wins face-off versus Joe Veleno in MONTREAL Canadiens zone.
10:24 of 1st period - Chris Tierney is hit by Jeremy Lauzon.
10:35 of 1st period - Justin Schultz is hit by Jeremy Lauzon and loses puck.
10:45 of 1st period - Off-side.
10:46 of 1st period - Sean Couturier wins face-off versus Phillip Danault in neutral zone.
11:39 of 1st period - Icing by Sean Couturier.
11:40 of 1st period - Pierre-Luc Dubois wins face-off versus Sean Couturier in PHILADELPHIA Flyers zone.
11:43 of 1st period - Shot by Pierre-Luc Dubois.
11:43 of 1st period - Stopped by Anton Forsberg without a rebound.
11:44 of 1st period - Trevor Zegras wins face-off versus Pierre-Luc Dubois in PHILADELPHIA Flyers zone.
11:46 of 1st period - Leon Draisaitl is hit by Anthony Beauvillier and loses puck.
11:53 of 1st period - Marc-Edouard Vlasic is hit by Leon Draisaitl and loses puck.
11:58 of 1st period - Shot by Claude Giroux.
11:58 of 1st period - Shot Misses the Net.
12:00 of 1st period - Shot by Joel Edmundson.
12:00 of 1st period - Shot Blocked by Marc-Edouard Vlasic.
12:11 of 1st period - Off-side.
12:12 of 1st period - Nicolas Roy wins face-off versus Chris Tierney in neutral zone.
12:14 of 1st period - Off-side.
12:15 of 1st period - Nicolas Roy wins face-off versus Chris Tierney in neutral zone.
12:27 of 1st period - Shot by Nicolas Roy.
12:27 of 1st period - Stopped by Anton Forsberg without a rebound.
12:28 of 1st period - Pierre-Luc Dubois wins face-off versus Trevor Zegras in PHILADELPHIA Flyers zone.
12:51 of 1st period - Shot by Anthony Beauvillier.
12:51 of 1st period - Shot Misses the Net.
13:02 of 1st period - Shot by Trevor Zegras.
13:02 of 1st period - Stopped by Jordan Binnington without a rebound.
13:03 of 1st period - Phillip Danault wins face-off versus Sean Couturier in MONTREAL Canadiens zone.
13:03 of 1st period - Phillip Danault is hit by Filip Chytil.
13:11 of 1st period - Noah Dobson is hit by Joel Edmundson and loses puck.
13:27 of 1st period - Phillip Danault is hit by Joel Edmundson.
14:08 of 1st period - Shot by Pierre-Luc Dubois.
14:08 of 1st period - Stopped by Anton Forsberg without a rebound.
14:09 of 1st period - Trevor Zegras wins face-off versus Pierre-Luc Dubois in PHILADELPHIA Flyers zone.
14:24 of 1st period - Shot by Claude Giroux.
14:24 of 1st period - Shot Misses the Net.
14:26 of 1st period - Shot by Leon Draisaitl.
14:26 of 1st period - Shot Hit the Post.
14:28 of 1st period - Shot by Trevor Zegras.
14:28 of 1st period - Goal by Trevor Zegras - PHILADELPHIA Flyers : 1 - MONTREAL Canadiens : 1.
14:29 of 1st period - Jonathan Drouin wins face-off versus Nicolas Roy in neutral zone.
15:00 of 1st period - Shot by Alexis Lafrenière.
15:00 of 1st period - Shot Misses the Net.
15:02 of 1st period - Shot by Nicolas Roy.
15:02 of 1st period - Goal by Nicolas Roy - PHILADELPHIA Flyers : 1 - MONTREAL Canadiens : 2.
15:03 of 1st period - Pierre-Luc Dubois wins face-off versus Trevor Zegras in neutral zone.
16:40 of 1st period - Shot by Noah Dobson.
16:40 of 1st period - Shot Misses the Net.
17:21 of 1st period - Shot by Nicolas Roy.
17:21 of 1st period - Shot Blocked by Joel Edmundson.
17:23 of 1st period - Shot by Nicolas Roy.
17:23 of 1st period - Stopped by Anton Forsberg without a rebound.
17:24 of 1st period - Chris Tierney wins face-off versus Arthur Kaliyev in PHILADELPHIA Flyers zone.
17:36 of 1st period - William Carrier is hit by Josh Leivo and loses puck.
18:18 of 1st period - Icing by David Savard.
18:19 of 1st period - Joe Veleno wins face-off versus Trevor Zegras in MONTREAL Canadiens zone.
18:19 of 1st period - Joe Veleno is hit by Claude Giroux.
18:45 of 1st period - Shot by Claude Giroux.
18:45 of 1st period - Stopped by Jordan Binnington without a rebound.
18:46 of 1st period - Phillip Danault wins face-off versus Mike Hoffman in MONTREAL Canadiens zone.
19:29 of 1st period - Shot by Phillip Danault.
19:29 of 1st period - Shot Misses the Net.
19:43 of 1st period - Shot by Leon Draisaitl.
19:43 of 1st period - Shot Blocked by Marco Scandella.
19:54 of 1st period - Trevor Zegras is hit by Jeremy Lauzon and loses puck.
Goals for this period are 1 for PHILADELPHIA Flyers vs 2 for MONTREAL Canadiens.
Shots for this period are 5 for PHILADELPHIA Flyers vs 16 for MONTREAL Canadiens.

2nd period


0:01 of 2nd period - Pierre-Luc Dubois wins face-off versus Trevor Zegras in neutral zone.
0:01 of 2nd period - Marc-Edouard Vlasic is hit by Leon Draisaitl and loses puck.
0:08 of 2nd period - Shot by Anthony Beauvillier.
0:08 of 2nd period - Shot Misses the Net.
0:15 of 2nd period - Cole Caufield is hit by Alexander Edler and loses puck.
0:38 of 2nd period - Shot by Leon Draisaitl.
0:38 of 2nd period - Stopped by Jordan Binnington without a rebound.
0:39 of 2nd period - Michael Amadio wins face-off versus Filip Chytil in MONTREAL Canadiens zone.
0:44 of 2nd period - Shot by Nicolas Roy.
0:44 of 2nd period - Stopped by Anton Forsberg without a rebound.
0:45 of 2nd period - Nicolas Roy wins face-off versus Sean Couturier in PHILADELPHIA Flyers zone.
1:52 of 2nd period - Shot by Shea Weber.
1:52 of 2nd period - Shot Blocked by Marc-Edouard Vlasic.
2:19 of 2nd period - Shot by Claude Giroux.
2:19 of 2nd period - Stopped by Jordan Binnington without a rebound.
2:20 of 2nd period - Phillip Danault wins face-off versus Chris Tierney in MONTREAL Canadiens zone.
2:25 of 2nd period - Shot by Phillip Danault.
2:25 of 2nd period - Shot Misses the Net.
2:27 of 2nd period - Shot by Phillip Danault.
2:27 of 2nd period - Stopped by Anton Forsberg with a rebound.
2:29 of 2nd period - Shot by Jeremy Lauzon.
2:29 of 2nd period - Shot Misses the Net.
3:55 of 2nd period - Shot by Claude Giroux.
3:55 of 2nd period - Stopped by Jordan Binnington without a rebound.
3:56 of 2nd period - Pierre-Luc Dubois wins face-off versus Sean Couturier in MONTREAL Canadiens zone.
5:34 of 2nd period - Claude Giroux is hit by Phillip Danault and loses puck.
5:48 of 2nd period - Zach Parise is hit by Brenden Dillon and loses puck.
5:53 of 2nd period - Shot by Phillip Danault.
5:53 of 2nd period - Stopped by Anton Forsberg with a rebound.
5:55 of 2nd period - Shot by Phillip Danault.
5:55 of 2nd period - Stopped by Anton Forsberg without a rebound.
5:56 of 2nd period - Nicolas Roy wins face-off versus Jonathan Drouin in PHILADELPHIA Flyers zone.
6:07 of 2nd period - Shot by Alexis Lafrenière.
6:07 of 2nd period - Shot Blocked by Justin Schultz.
6:36 of 2nd period - Mike Hoffman is hit by Nicolas Roy and loses puck.
7:37 of 2nd period - Mike Matheson is hit by Josh Leivo and loses puck.
7:41 of 2nd period - Icing by Mike Matheson.
7:42 of 2nd period - Phillip Danault wins face-off versus Leon Draisaitl in MONTREAL Canadiens zone.
7:49 of 2nd period - Shot by Leon Draisaitl.
7:49 of 2nd period - Stopped by Jordan Binnington without a rebound.
7:50 of 2nd period - Phillip Danault wins face-off versus Trevor Zegras in MONTREAL Canadiens zone.
8:50 of 2nd period - Justin Schultz is hit by Zach Parise and loses puck.
9:24 of 2nd period - Shot by Pierre-Luc Dubois.
9:24 of 2nd period - Shot Misses the Net.
9:46 of 2nd period - David Savard is hit by Brenden Dillon and loses puck.
9:50 of 2nd period - Icing by Jonathan Drouin.
9:51 of 2nd period - Nicolas Roy wins face-off versus Jonathan Drouin in PHILADELPHIA Flyers zone.
9:54 of 2nd period - Shot by Nicolas Roy.
9:54 of 2nd period - Deflect By Michael Amadio.
9:54 of 2nd period - Stopped by Anton Forsberg without a rebound.
9:55 of 2nd period - Nicolas Roy wins face-off versus Trevor Zegras in PHILADELPHIA Flyers zone.
9:58 of 2nd period - Shot by Alexis Lafrenière.
9:58 of 2nd period - Stopped by Anton Forsberg without a rebound.
9:59 of 2nd period - Trevor Zegras wins face-off versus Nicolas Roy in PHILADELPHIA Flyers zone.
11:05 of 2nd period - Shot by Anthony Beauvillier.
11:05 of 2nd period - Shot Misses the Net.
11:23 of 2nd period - Shot by Jonathan Drouin.
11:23 of 2nd period - Stopped by Jordan Binnington without a rebound.
11:24 of 2nd period - Phillip Danault wins face-off versus Sean Couturier in MONTREAL Canadiens zone.
11:24 of 2nd period - Phillip Danault is hit by Sean Monahan.
11:40 of 2nd period - Shot by Sean Couturier.
11:40 of 2nd period - Stopped by Jordan Binnington without a rebound.
11:41 of 2nd period - Chris Tierney wins face-off versus Joe Veleno in MONTREAL Canadiens zone.
11:59 of 2nd period - Minor Penalty to Noah Juulsen for Roughing.
12:00 of 2nd period - Pierre-Luc Dubois wins face-off versus Leon Draisaitl in PHILADELPHIA Flyers zone.
12:09 of 2nd period - Shot by Mike Matheson.
12:09 of 2nd period - Stopped by Anton Forsberg without a rebound.
12:10 of 2nd period - Pierre-Luc Dubois wins face-off versus Leon Draisaitl in PHILADELPHIA Flyers zone.
12:19 of 2nd period - Shot by Anthony Beauvillier.
12:19 of 2nd period - Stopped by Anton Forsberg without a rebound.
12:20 of 2nd period - Pierre-Luc Dubois wins face-off versus Leon Draisaitl in PHILADELPHIA Flyers zone.
12:23 of 2nd period - Shot by Anthony Beauvillier.
12:23 of 2nd period - Shot Misses the Net.
12:45 of 2nd period - Shot by Anthony Beauvillier.
12:45 of 2nd period - Stopped by Anton Forsberg without a rebound.
12:46 of 2nd period - Leon Draisaitl wins face-off versus Phillip Danault in PHILADELPHIA Flyers zone.
13:03 of 2nd period - Shot by Claude Giroux.
13:03 of 2nd period - Deflect By Leon Draisaitl.
13:03 of 2nd period - Stopped by Jordan Binnington with a rebound.
13:28 of 2nd period - Icing by Nicolas Roy.
13:29 of 2nd period - Phillip Danault wins face-off versus Sean Couturier in MONTREAL Canadiens zone.
13:58 of 2nd period - Shot by Mike Matheson.
13:58 of 2nd period - Stopped by Anton Forsberg with a rebound.
14:03 of 2nd period - Icing by Noah Juulsen.
14:04 of 2nd period - Joe Veleno wins face-off versus Jonathan Drouin in PHILADELPHIA Flyers zone.
14:09 of 2nd period - Shot by Arthur Kaliyev.
14:09 of 2nd period - Stopped by Anton Forsberg with a rebound.
15:05 of 2nd period - Shot by Claude Giroux.
15:05 of 2nd period - Shot Blocked by Mike Matheson.
15:28 of 2nd period - Leon Draisaitl is hit by David Savard and loses puck.
15:29 of 2nd period - Minor Penalty to Marc-Edouard Vlasic for Boarding.
15:30 of 2nd period - Mike Hoffman wins face-off versus Phillip Danault in MONTREAL Canadiens zone.
17:04 of 2nd period - Nicolas Roy is hit by Sean Couturier and loses puck.
17:09 of 2nd period - Shot by Sam Gagner.
17:09 of 2nd period - Goal by Sam Gagner - PHILADELPHIA Flyers : 2 - MONTREAL Canadiens : 2.
17:10 of 2nd period - Chris Tierney wins face-off versus Pierre-Luc Dubois in neutral zone.
17:24 of 2nd period - Jakub Voracek is hit by Anthony Beauvillier and loses puck.
17:32 of 2nd period - Joel Edmundson is hit by Cole Caufield and loses puck.
17:59 of 2nd period - Mike Matheson is hit by Chris Tierney and loses puck.
18:16 of 2nd period - Shot by Filip Chytil.
18:16 of 2nd period - Stopped by Jordan Binnington with a rebound.
18:18 of 2nd period - Shot by Sean Monahan.
18:18 of 2nd period - Stopped by Jordan Binnington without a rebound.
18:19 of 2nd period - Anthony Mantha wins face-off versus Trevor Zegras in MONTREAL Canadiens zone.
18:19 of 2nd period - Marco Scandella is hit by Leon Draisaitl.
18:31 of 2nd period - Shot by Zach Parise.
18:31 of 2nd period - Shot Misses the Net.
18:42 of 2nd period - Zach Parise is hit by Shea Weber and loses puck.
18:49 of 2nd period - Shot by Phillip Danault.
18:49 of 2nd period - Stopped by Anton Forsberg without a rebound.
18:50 of 2nd period - Nicolas Roy wins face-off versus Sean Couturier in PHILADELPHIA Flyers zone.
19:05 of 2nd period - Shot by Noah Dobson.
19:05 of 2nd period - Shot Misses the Net.
19:07 of 2nd period - Shot by Alexis Lafrenière.
19:07 of 2nd period - Stopped by Anton Forsberg without a rebound.
19:08 of 2nd period - Jonathan Drouin wins face-off versus Pierre-Luc Dubois in PHILADELPHIA Flyers zone.
19:08 of 2nd period - Jonathan Drouin is hit by Anthony Beauvillier.
19:29 of 2nd period - Mike Hoffman is hit by Marco Scandella and loses puck.
Goals for this period are 1 for PHILADELPHIA Flyers vs 0 for MONTREAL Canadiens.
Shots for this period are 10 for PHILADELPHIA Flyers vs 13 for MONTREAL Canadiens.

3rd period


0:01 of 3rd period - Pierre-Luc Dubois wins face-off versus Trevor Zegras in neutral zone.
0:42 of 3rd period - Shot by Trevor Zegras.
0:42 of 3rd period - Stopped by Jordan Binnington without a rebound.
0:43 of 3rd period - Phillip Danault wins face-off versus Sean Couturier in MONTREAL Canadiens zone.
0:56 of 3rd period - Major Penalty to Mike Matheson for Boarding.
0:57 of 3rd period - Trevor Zegras wins face-off versus Phillip Danault in MONTREAL Canadiens zone.
1:02 of 3rd period - Shot by Mike Hoffman.
1:02 of 3rd period - Stopped by Jordan Binnington without a rebound.
1:03 of 3rd period - Phillip Danault wins face-off versus Claude Giroux in MONTREAL Canadiens zone.
1:11 of 3rd period - Off-side.
1:12 of 3rd period - Filip Chytil wins face-off versus Phillip Danault in neutral zone.
1:37 of 3rd period - Claude Giroux is hit by Marco Scandella and loses puck.
1:40 of 3rd period - Shot by Shea Weber.
1:40 of 3rd period - Shot Blocked by Jeremy Lauzon.
1:42 of 3rd period - Shot by Claude Giroux.
1:42 of 3rd period - Stopped by Jordan Binnington with a rebound.
2:24 of 3rd period - Shot by Trevor Zegras.
2:24 of 3rd period - Stopped by Jordan Binnington without a rebound.
2:25 of 3rd period - Trevor Zegras wins face-off versus Joe Veleno in MONTREAL Canadiens zone.
2:27 of 3rd period - Mike Hoffman is hit by David Savard and loses puck.
2:32 of 3rd period - Shot by Justin Schultz.
2:32 of 3rd period - Shot Blocked by Marc-Edouard Vlasic.
2:34 of 3rd period - Shot by Justin Schultz.
2:34 of 3rd period - Stopped by Jordan Binnington without a rebound.
2:35 of 3rd period - Trevor Zegras wins face-off versus Phillip Danault in MONTREAL Canadiens zone.
2:40 of 3rd period - Shot by Brenden Dillon.
2:40 of 3rd period - Stopped by Jordan Binnington without a rebound.
2:41 of 3rd period - Phillip Danault wins face-off versus Trevor Zegras in MONTREAL Canadiens zone.
2:59 of 3rd period - Shot by Trevor Zegras.
2:59 of 3rd period - Shot Misses the Net.
3:01 of 3rd period - Shot by Mike Hoffman.
3:01 of 3rd period - Shot Blocked by David Savard.
3:03 of 3rd period - Shot by Trevor Zegras.
3:03 of 3rd period - Shot Blocked by Marc-Edouard Vlasic.
3:05 of 3rd period - Shot by Brenden Dillon.
3:05 of 3rd period - Shot Hit the Post.
4:31 of 3rd period - Shot by Justin Schultz.
4:31 of 3rd period - Stopped by Jordan Binnington without a rebound.
4:32 of 3rd period - Filip Chytil wins face-off versus Phillip Danault in MONTREAL Canadiens zone.
4:44 of 3rd period - Off-side.
4:45 of 3rd period - Phillip Danault wins face-off versus Trevor Zegras in neutral zone.
5:58 of 3rd period - Shot by Arthur Kaliyev.
5:58 of 3rd period - Stopped by Anton Forsberg without a rebound.
5:59 of 3rd period - Chris Tierney wins face-off versus Joe Veleno in PHILADELPHIA Flyers zone.
6:45 of 3rd period - Off-side.
6:46 of 3rd period - Jonathan Drouin wins face-off versus Anthony Mantha in neutral zone.
6:51 of 3rd period - Shot by Shea Weber.
6:51 of 3rd period - Stopped by Jordan Binnington without a rebound.
6:52 of 3rd period - Trevor Zegras wins face-off versus Pierre-Luc Dubois in MONTREAL Canadiens zone.
7:32 of 3rd period - Shot by Claude Giroux.
7:32 of 3rd period - Shot Blocked by David Savard.
7:34 of 3rd period - Shot by Claude Giroux.
7:34 of 3rd period - Stopped by Jordan Binnington without a rebound.
7:35 of 3rd period - Sean Couturier wins face-off versus Phillip Danault in MONTREAL Canadiens zone.
7:39 of 3rd period - Icing by Mike Matheson.
7:40 of 3rd period - Sean Couturier wins face-off versus Phillip Danault in MONTREAL Canadiens zone.
7:40 of 3rd period - Sean Couturier is hit by Mike Matheson.
7:51 of 3rd period - Sean Couturier is hit by Mike Matheson.
8:18 of 3rd period - Sean Couturier is hit by Noah Dobson and loses puck.
8:22 of 3rd period - Icing by Noah Dobson.
8:23 of 3rd period - Phillip Danault wins face-off versus Trevor Zegras in MONTREAL Canadiens zone.
8:23 of 3rd period - Phillip Danault is hit by Claude Giroux.
8:24 of 3rd period - Minor Penalty to Leon Draisaitl for High sticking.
8:25 of 3rd period - Pierre-Luc Dubois wins face-off versus Jonathan Drouin in PHILADELPHIA Flyers zone.
8:44 of 3rd period - Icing by Anthony Beauvillier.
8:45 of 3rd period - Jonathan Drouin wins face-off versus Pierre-Luc Dubois in MONTREAL Canadiens zone.
9:18 of 3rd period - Shot by Marc-Edouard Vlasic.
9:18 of 3rd period - Stopped by Anton Forsberg without a rebound.
9:19 of 3rd period - Phillip Danault wins face-off versus Jonathan Drouin in PHILADELPHIA Flyers zone.
9:20 of 3rd period - Shot by Noah Dobson.
9:20 of 3rd period - Stopped by Anton Forsberg with a rebound.
9:30 of 3rd period - Shea Weber is hit by Phillip Danault and loses puck.
9:43 of 3rd period - Shot by Mike Matheson.
9:43 of 3rd period - Stopped by Anton Forsberg with a rebound.
11:07 of 3rd period - Icing by Alexander Edler.
11:08 of 3rd period - Pierre-Luc Dubois wins face-off versus Jonathan Drouin in PHILADELPHIA Flyers zone.
11:52 of 3rd period - Minor Penalty to Alexander Edler for Hooking.
11:53 of 3rd period - Phillip Danault wins face-off versus Leon Draisaitl in PHILADELPHIA Flyers zone.
12:29 of 3rd period - Shot by Noah Dobson.
12:29 of 3rd period - Shot Misses the Net.
12:31 of 3rd period - Shot by Nicolas Roy.
12:31 of 3rd period - Stopped by Anton Forsberg without a rebound.
12:32 of 3rd period - Pierre-Luc Dubois wins face-off versus Leon Draisaitl in PHILADELPHIA Flyers zone.
13:58 of 3rd period - Shot by Joe Veleno.
13:58 of 3rd period - Stopped by Anton Forsberg with a rebound.
14:00 of 3rd period - Shot by Joe Veleno.
14:00 of 3rd period - Stopped by Anton Forsberg without a rebound.
14:01 of 3rd period - Chris Tierney wins face-off versus Joe Veleno in PHILADELPHIA Flyers zone.
14:01 of 3rd period - Justin Schultz is hit by William Carrier and loses puck.
15:01 of 3rd period - Justin Schultz is hit by David Savard.
15:08 of 3rd period - Minor Penalty to Trevor Zegras for Roughing.
15:09 of 3rd period - Phillip Danault wins face-off versus Leon Draisaitl in PHILADELPHIA Flyers zone.
15:16 of 3rd period - Shot by Zach Parise.
15:16 of 3rd period - Shot Misses the Net.
15:18 of 3rd period - Shot by Mike Matheson.
15:18 of 3rd period - Shot Blocked by Brenden Dillon.
15:20 of 3rd period - Shot by Phillip Danault.
15:20 of 3rd period - Deflect By Zach Parise.
15:20 of 3rd period - Shot Misses the Net.
15:22 of 3rd period - Shot by Phillip Danault.
15:22 of 3rd period - Stopped by Anton Forsberg with a rebound.
15:24 of 3rd period - Shot by Zach Parise.
15:24 of 3rd period - Deflect By Phillip Danault.
15:24 of 3rd period - Shot Misses the Net.
15:45 of 3rd period - Mike Matheson is hit by Jonathan Drouin and loses puck.
15:54 of 3rd period - Shot by Zach Parise.
15:54 of 3rd period - Shot Misses the Net.
16:03 of 3rd period - Off-side.
16:04 of 3rd period - Pierre-Luc Dubois wins face-off versus Leon Draisaitl in neutral zone.
17:15 of 3rd period - Shot by Joe Veleno.
17:15 of 3rd period - Shot Misses the Net.
17:25 of 3rd period - Shot by Arthur Kaliyev.
17:25 of 3rd period - Shot Misses the Net.
17:39 of 3rd period - Shot by Arthur Kaliyev.
17:39 of 3rd period - Stopped by Anton Forsberg without a rebound.
17:40 of 3rd period - Sean Couturier wins face-off versus Nicolas Roy in PHILADELPHIA Flyers zone.
17:40 of 3rd period - Sean Couturier is hit by Alexis Lafrenière.
18:40 of 3rd period - Shot by Pierre-Luc Dubois.
18:40 of 3rd period - Deflect By Anthony Beauvillier.
18:40 of 3rd period - Shot Blocked by Shea Weber.
18:42 of 3rd period - Shot by Cole Caufield.
18:42 of 3rd period - Stopped by Anton Forsberg without a rebound.
18:43 of 3rd period - Trevor Zegras wins face-off versus Phillip Danault in PHILADELPHIA Flyers zone.
18:53 of 3rd period - Icing by Jeremy Lauzon.
18:54 of 3rd period - Phillip Danault wins face-off versus Leon Draisaitl in MONTREAL Canadiens zone.
19:05 of 3rd period - Shot by Phillip Danault.
19:05 of 3rd period - Shot Misses the Net.
19:07 of 3rd period - Shot by Jeremy Lauzon.
19:07 of 3rd period - Shot Blocked by Joel Edmundson.
19:09 of 3rd period - Shot by Zach Parise.
19:09 of 3rd period - Stopped by Anton Forsberg without a rebound.
19:10 of 3rd period - Jonathan Drouin wins face-off versus Cole Caufield in PHILADELPHIA Flyers zone.
19:10 of 3rd period - Jonathan Drouin is hit by Anthony Beauvillier.
19:28 of 3rd period - Shot by Pierre-Luc Dubois.
19:28 of 3rd period - Shot Misses the Net.
19:30 of 3rd period - Shot by Anthony Beauvillier.
19:30 of 3rd period - Deflect By Pierre-Luc Dubois.
19:30 of 3rd period - Stopped by Anton Forsberg with a rebound.
19:32 of 3rd period - Shot by Cole Caufield.
19:32 of 3rd period - Deflect By Anthony Beauvillier.
19:32 of 3rd period - Stopped by Anton Forsberg without a rebound.
19:33 of 3rd period - Trevor Zegras wins face-off versus Phillip Danault in PHILADELPHIA Flyers zone.
19:56 of 3rd period - Shot by Trevor Zegras.
19:56 of 3rd period - Shot Misses the Net.
19:58 of 3rd period - Shot by Noah Juulsen.
19:58 of 3rd period - Stopped by Jordan Binnington without a rebound.
19:59 of 3rd period - Sean Couturier wins face-off versus Pierre-Luc Dubois in MONTREAL Canadiens zone.
Goals for this period are 0 for PHILADELPHIA Flyers vs 0 for MONTREAL Canadiens.
Shots for this period are 10 for PHILADELPHIA Flyers vs 13 for MONTREAL Canadiens.

Overtime #1


0:01 of 1st overtime period - Phillip Danault wins face-off versus Chris Tierney in neutral zone.
0:22 of 1st overtime period - Chris Tierney is hit by Mike Matheson and loses puck.
2:00 of 1st overtime period - Shot by Anthony Mantha.
2:00 of 1st overtime period - Stopped by Anton Forsberg without a rebound.
2:01 of 1st overtime period - Phillip Danault wins face-off versus Chris Tierney in PHILADELPHIA Flyers zone.
2:02 of 1st overtime period - Shot by Anthony Beauvillier.
2:02 of 1st overtime period - Shot Misses the Net.
2:24 of 1st overtime period - Shot by Chris Tierney.
2:24 of 1st overtime period - Shot Misses the Net.
3:36 of 1st overtime period - Chris Tierney is hit by Mike Matheson and loses puck.
4:27 of 1st overtime period - Shot by Zach Parise.
4:27 of 1st overtime period - Stopped by Anton Forsberg without a rebound.
4:28 of 1st overtime period - Leon Draisaitl wins face-off versus Joe Veleno in PHILADELPHIA Flyers zone.
4:30 of 1st overtime period - Icing by Filip Chytil.
4:31 of 1st overtime period - Leon Draisaitl wins face-off versus Joe Veleno in PHILADELPHIA Flyers zone.
4:48 of 1st overtime period - Shot by Joe Veleno.
4:48 of 1st overtime period - Stopped by Anton Forsberg without a rebound.
4:49 of 1st overtime period - Sean Monahan wins face-off versus Phillip Danault in PHILADELPHIA Flyers zone.
Goals for this period are 0 for PHILADELPHIA Flyers vs 0 for MONTREAL Canadiens.
Shots for this period are 0 for PHILADELPHIA Flyers vs 3 for MONTREAL Canadiens.

ShootOut


5:00 of 1st overtime period - Round #1.
5:00 of 1st overtime period - PHILADELPHIA Flyers, Leon Draisaitl.
5:00 of 1st overtime period - Goal by Leon Draisaitl.
5:00 of 1st overtime period - MONTREAL Canadiens, Phillip Danault.
5:00 of 1st overtime period - Shot Misses the Net.
5:00 of 1st overtime period - Round #2.
5:00 of 1st overtime period - PHILADELPHIA Flyers, Claude Giroux.
5:00 of 1st overtime period - Stopped by Jordan Binnington.
5:00 of 1st overtime period - MONTREAL Canadiens, Cole Caufield.
5:00 of 1st overtime period - Stopped by Anton Forsberg.
5:00 of 1st overtime period - Round #3.
5:00 of 1st overtime period - PHILADELPHIA Flyers, Jonathan Drouin.
5:00 of 1st overtime period - Goal by Jonathan Drouin. Output by the SimonT Hockey Simulator (STHS) for Martin Benoit - Original Page W3C HTML5 Valid
Hockey Simulator - Hockey Simulation - Hockey Manager